 Dungeon Crawl Stone Soup version 0.28.0-45-g0d030f2227 (webtiles) character file.

Game seed: 18347588829321126846

7 pkoi the Gusty (level 1, -2/14 HPs)
             Began as a Demigod Air Elementalist on Apr 25, 2022.
             Slain by a quokka (5 damage)
             ... on level 1 of the Dungeon.
             The game lasted 00:00:25 (363 turns).

pkoi the Gusty (Demigod Air Elementalist)            Turns: 363, Time: 00:00:26

Health: -2/14      AC:  2    Str:  9    XL:     1   Next: 66%
Magic:  2/5        EV: 12    Int: 17    God:
Gold:   26         SH:  0    Dex: 14    Spells: 2/3 levels left

rFire   . . .      SeeInvis .   f - +0 whip
rCold   . . .      Faith    .   (no shield)
rNeg    . . .      Spirit   .   a - +0 robe
rPois   .          Reflect  .   (no helmet)
rElec   .          Harm     .   (no cloak)
rCorr   .          Rampage  .   (no gloves)
Will    .....                   (no boots)
Stlth   ++........              (no amulet)
HPRegen 0.04/turn               (no ring)
MPRegen 0.09/turn               (no ring)

@: no status effects
A: high MP 1, forlorn, divine attributes
a: no special abilities


You were on level 1 of the Dungeon.
You visited 1 branch of the dungeon, and saw 1 of its levels.

You collected 26 gold pieces.

Inventory:

Hand Weapons
 f - a +0 whip (weapon)
Armour
 a - a +0 robe (worn)
Scrolls
 b - a scroll of blinking {unknown}
 c - a scroll of identify {unknown}
 e - a scroll of immolation {unknown}
Potions
 d - a potion of mutation {unknown}


   Skills:
 - Level 1.7 Dodging
 - Level 1.7 Stealth
 - Level 1.7 Spellcasting
 - Level 0.8 Conjurations
 + Level 3.1 Air Magic


You had 2 spell levels left.
You knew the following spells:

 Your Spells              Type           Power      Damage    Failure   Level
a - Shock                 Conj/Air       32%        1d5       9%          1

Your spell library contained the following spells:

 Spells                   Type           Power      Damage    Failure   Level
 Static Discharge         Conj/Air       8%         N/A       13%         2
 Swiftness                Air            12%        N/A       16%         3
 Airstrike                Air            6%         N/A       47%         4


Dungeon Overview and Level Annotations

Branches:
Dungeon (1/15)

Shops:
D:1 (


Innate Abilities, Weirdness & Mutations

You have an increased reservoir of magic. (+10% MP)
You shall have no god before yourself.
Your divine heritage dramatically boosts your attributes as you level up.


Message History

The quokka closely misses you.
You miss the quokka.
The quokka is heavily wounded.
The quokka bites you.
* * * LOW HITPOINT WARNING * * *
The quokka bites you.
* * * LOW HITPOINT WARNING * * *
You barely miss the quokka.
The quokka is heavily wounded.
The quokka closely misses you.
You barely miss the quokka.
The quokka is heavily wounded.
The quokka bites you but does no damage.
You barely miss the quokka.
The quokka is heavily wounded.
The quokka barely misses you.
You barely miss the quokka. You punch the quokka, but do no damage.
The quokka is heavily wounded.
The quokka barely misses you.
Unknown command.
The quokka bites you.
* * * LOW HITPOINT WARNING * * *
The quokka bites you.
* * * LOW HITPOINT WARNING * * *
The quokka misses you.
You see here a +0 whip.
f - a +0 whip The quokka bites you.
* * * LOW HITPOINT WARNING * * *
f - a +0 whip (weapon)
The quokka closely misses you.
You hit the quokka but do no damage.
The quokka is heavily wounded.
The quokka bites you.
* * * LOW HITPOINT WARNING * * *
You hit the quokka.
The quokka is almost dead.
The quokka bites you but does no damage.
The quokka bites you.
You die...

#.#.......##.........
#.#######.##.########
#..........#.#
#####.######.#
#........#
####..#######
#...........#
#..r..#####.# #..@(.#
#.######## #.....#
#......... #.....#
#.†....... #.....#
#......... #.....#
#......... #.....#
###)........ #.....#
#...........
####'####.##........
#......##.##.......^


You could see a quokka.

Vanquished Creatures
  2 goblins (D:1)
  2 jackals (D:1)
  A ball python (D:1)
  A frilled lizard (D:1)
6 creatures vanquished.

Notes
Turn   | Place    | Note
-------+----------+-------------------------------------------
     0 | D:1      | pkoi the Demigod Air Elementalist began the quest for the
                  | Orb.
     0 | D:1      | Reached XP level 1. HP: 14/14 MP: 5/5
   188 | D:1      | Reached skill level 3 in Air Magic
   228 | D:1      | Found Cyd Hua's Weapon Shop.
   363 | D:1      | Slain by a quokka

Illustrated notes

Levels and vault maps discovered:
D:1:      saegor_arrival_under_anarchy, layout_basic, serial_shops, shop

Skill      XL: |  1 |
---------------+----+-----
Air Magic      | 3 |  3.1
Dodging        | |  1.7
Stealth        | |  1.7
Spellcasting   | |  1.7
Conjurations   | |  0.8

Action                   || total
-------------------------++-------
Melee: Unarmed           ||     6
       Whip              ||     2
       Punch             ||     1
 Cast: Shock             ||    13
Armor: Robe              ||     2
Dodge: Dodged            ||     6
